 Dungeon Crawl Stone Soup version 0.26-a0-597-gb535b0901c (webtiles) character file.

Game seed: 16085750169974080904

(classic levelgen) 98 EnegeticOcto the Covered (level 4, 0/42 HPs)
             Began as a Deep Dwarf Fighter on Aug 25, 2020.
             Slain by a wight
             ... wielding a +2 long sword
              (7 damage)
             ... on level 3 of the Dungeon.
             The game lasted 00:00:14 (286 turns).

EnegeticOcto the Covered (Deep Dwarf Fighter)        Turns: 286, Time: 00:00:15

Health: 0/42       AC:  6    Str: 20    XL:     4   Next: 43%
Magic:  3/3        EV:  6    Int:  9    God:
Gold:   26         SH:  8    Dex: 12    Spells: 3/3 levels left

rFire    . . .     SeeInvis .   a - +0 war axe
rCold    . . .     Faith    .   c - +0 kite shield
rNeg     . . .     Spirit   .   b - +0 scale mail
rPois    .         Reflect  .   (no helmet)
rElec    .         Harm     .   (no cloak)
rCorr    .                      (no gloves)
MR       .....                  (no boots)
Stlth    ..........             (no amulet)
HPRegen  0.00/turn              (no ring)
MPRegen  0.08/turn              (no ring)

@: non-regenerating, heavily drained
A: damage resistance, heal wounds, sense surroundings 1, no regeneration
a: Heal Wounds


You were on level 3 of the Dungeon.
You visited 1 branch of the dungeon, and saw 3 of its levels.

You collected 26 gold pieces.

Inventory:

Hand Weapons
 a - a +0 war axe (weapon)
Armour
 b - a +0 scale mail (worn)
 c - a +0 kite shield (worn)
Scrolls
 f - a scroll of immolation {unknown}
 g - a scroll of identify {unknown}
 h - 2 scrolls of remove curse {unknown}
Potions
 d - a potion of might {@q3}
 e - a potion of cancellation {unknown}
 i - a potion of resistance {unknown}


   Skills:
 + Level 3.2(1.1) Fighting
 * Level 3.6(1.5) Axes
 + Level 3.9(1.8) Armour
 + Level 3.9(1.7) Shields


You had 3 spell levels left.
You didn't know any spells.
Your spell library was empty.

Dungeon Overview and Level Annotations

Branches:
Dungeon (3/15)

Altars:


Innate Abilities, Weirdness & Mutations

You are resistant to damage.
You can heal yourself by infusing magical energy.
You passively map a small area around you.
You do not regenerate.


Message History

You hit the wight. You closely miss the wight.
The wight hits you with a +0 great sword.
The wight barely misses you.
The wight hits you with a +0 great sword!
You are too injured to fight recklessly!
You are too injured to fight recklessly!
You are too injured to fight recklessly!
You are too injured to fight recklessly!
You are too injured to fight recklessly!
You are too injured to fight recklessly!
You are too injured to fight recklessly!
You are too injured to fight recklessly!
You are too injured to fight recklessly!
You are too injured to fight recklessly!
You are too injured to fight recklessly!
You are too injured to fight recklessly!
You are too injured to fight recklessly!
You are too injured to fight recklessly!
You are too injured to fight recklessly!
Your magical essence is drained by the effort!
You feel much better.
The wight hits you with a +2 long sword.
You feel drained.
The wight hits you with a +0 great sword.
You feel drained. You block the wight's attack. The wight closely misses you.
You fail to use your ability.
The wight hits you but does no damage.
The wight hits you with a +0 great sword!
You feel drained. The wight completely misses you.
You closely miss the wight.
The wight is heavily damaged.
You hit the wight. You slash the wight!
Your shield and scale mail prevent you from hitting the wight.
The wight barely misses you.
The wight hits you with a +2 long sword.
You feel drained. The wight barely misses you. The wight closely misses you.
You block the wight's attack.
You hit the wight.
The wight is almost destroyed.
You closely miss the wight. You hit the wight.
Your shield and scale mail prevent you from hitting the wight.
The wight hits you with a +2 long sword.
The wight closely misses you. The wight hits you with a +1 scimitar.
You block the wight's attack. x2
You are too injured to fight recklessly!
You are too injured to fight recklessly!
You are too injured to fight recklessly!
You are too injured to fight recklessly!
You are too injured to fight recklessly!
You are too injured to fight recklessly!
You are too injured to fight recklessly!
You are too injured to fight recklessly!
You are too injured to fight recklessly!
You are too injured to fight recklessly!
You are too injured to fight recklessly!
You feel much better. You block the wight's attack.
The wight hits you with a +1 scimitar.
You feel drained.
The wight hits you with a +0 great sword!
You feel drained.
You fail to use your ability.
You block the wight's attack. The wight hits you but does no damage.
The wight hits you with a +1 scimitar.
You completely miss the wight.
The wight is severely damaged.
You barely miss the wight. You hit the wight. You closely miss the wight.
The wight hits you with a +0 great sword!!
The wight hits you but does no damage. x2; The wight barely misses you.
You are too injured to fight recklessly!
You are too injured to fight recklessly!
You are too injured to fight recklessly!
You are too injured to fight recklessly!
You are too injured to fight recklessly!
You are too injured to fight recklessly!
You are too injured to fight recklessly!
You are too injured to fight recklessly!
You are too injured to fight recklessly!
You are too injured to fight recklessly!
You are too injured to fight recklessly!
You are too injured to fight recklessly!
You feel much better. You block the wight's attack.
The wight closely misses you. The wight hits you with a +1 scimitar.
The wight closely misses you.
You feel much better.
The wight hits you with a +0 great sword!
You block the wight's attack.
You barely miss the wight.
The wight is almost destroyed.
You barely miss the wight. x2; You hit the wight but do no damage.
The wight closely misses you. The wight barely misses you.
The wight closely misses you.
The wight hits you with a +0 great sword!
The wight barely misses you.
You hit the wight.
The wight is almost destroyed.
You hit the wight but do no damage. You hit the wight.
You closely miss the wight.
The wight hits you with a +0 great sword!
* * * LOW HITPOINT WARNING * * *
You feel drained.
* * * LOW HITPOINT WARNING * * *
The wight hits you with a +2 long sword!
You die...

, ,
..##...#.#...
* ........#...
#?../......
##......... ,
* *,
,.)......# ,
**##.....## *
#..zzz..#... ,
, *
#...@z...## ,
###<..!.....#*
#..#......>..#
* ,,
##<..........#
,
##..........#
, ##.........#
, *
#.........# ,
##.......## ,
, *....>....


You could see 4 wights.

Vanquished Creatures
  An orc priest (D:2)
  2 orc wizards (D:2)
  An adder (D:2)
  2 ball pythons
  A bat (D:1)
  A hobgoblin (D:1)
  2 kobolds (D:2)
10 creatures vanquished.

Notes
Turn   | Place    | Note
-------+----------+-------------------------------------------
     0 | D:1      | EnegeticOcto the Deep Dwarf Fighter began the quest for the
                  | Orb.
     0 | D:1      | Reached XP level 1. HP: 20/20 MP: 1/1
   191 | D:2      | Noticed an orc wizard
   191 | D:2      | Noticed an orc wizard
   193 | D:2      | Noticed an orc priest
   197 | D:2      | Killed an orc priest
   197 | D:2      | Reached XP level 2. HP: 21/28 MP: 2/2
   197 | D:2      | Reached XP level 3. HP: 25/34 MP: 3/3
   219 | D:2      | Reached XP level 4. HP: 31/42 MP: 4/4
   286 | D:3      | Slain by a wight

Illustrated notes

Levels and vault maps discovered:
D:1:      ncdulo_smallfort, layout_loops_corners, nicolae_ashenzari_panopticon
D:2:      layout_basic, minitemple, uniq_jessica, uniq_natasha, uniq_robin
D:3:      lemuel_castle_with_subvaults [lemuel_castle_interior_carwin_3],
          layout_rooms

Skill      XL: |  1 |
---------------+----+-----
Fighting       | 3 |  3.2
Axes           | 3 |  3.6
Armour         | |  3.9
Shields        | |  3.9

Action                   |  1- 3 |  4- 6 || total
-------------------------+-------+-------++-------
Melee: War axe           |    39 |    25 ||    64
 Abil: Heal Wounds       |     1 |     4 ||     5
Armor: Scale mail        |    24 |    13 ||    37
Dodge: Dodged            |    19 |    18 ||    37
Block: Kite shield       |    32 |    18 ||    50

Table legend: (Time is in decaauts)
 A = Elapsed time spent in this place.
 B = Non-inter-level travel time spent in this place.
 C = Inter-level travel time spent in this place.
 D = Time resting spent in this place.
 E = Time spent auto-exploring this place.
 F = Levels seen in this place.
 G = Mean time per level.
                   A        B        C        D        E       F      G
               +--------+--------+--------+--------+--------+-----+--------+
         Total |    311 |    290 |     21 |      0 |    163 |   3 |  103.7 |
       Dungeon |    311 |    290 |     21 |      0 |    163 |   3 |  103.7 |
               +--------+--------+--------+--------+--------+-----+--------+

Top non-repeatable levels by time:
     D:1: 196 daAuts
     D:2: 95 daAuts
     D:3: 20 daAuts
